General information
- name: BNet
- type: Ladder 1vs1/FFA
- host: Battle.net
- saver: SaucyNiglet
map: SilverpineForest
- players: 4
- length: 62:28
- speed: Fast
- version: 1.26 W3XP
- replay type: Public
» download(253 KB)
Players
team 1 (winner)
SaucyNiglet (
yellow | 67 APM | 4198 actions | 62:28)
6 Tauren Chieftain
3 Endurance Aura
2 Shockwave
1 Reincarnation
5 Shadow Hunter
3 Healing Wave
2 Hex
5 Far Seer
3 Feral Spirit
2 Chain Lighting
» actions
| Assign group hotkey | 106 | |
| Basic commands | 214 | |
| Build / train | 166 | |
| Enter build submenu | 100 | |
| Enter hero's abilities submenu | 19 | |
| Give item / drop item | 5 | |
| Remove unit from queue | 31 | |
| Right click | 1361 | |
| Select / deselect | 1055 | |
| Select group hotkey | 904 | |
| Use ability | 237 | |
4198 total
» units
| Peon | 14 | |
| Grunt | 7 | |
| Raider | 3 | |
| Goblin Shredder | 4 | |
| Shaman | 7 | |
| Spirit Walker | 2 | |
| Troll Witch Doctor | 4 | |
| Kodo Beast | 2 | |
| Troll Batrider | 23 | |
| Tauren | 6 | |
72 total
» upgrades
| Shaman Training | 2 | |
| Ensnare | 1 | |
| Spirit Walker Training | 2 | |
| Melee Weapons | 3 | |
| War Drums Damage Increase | 1 | |
| Berserker Strength | 1 | |
| Reinforced Defenses | 1 | |
| Armor | 3 | |
| Troll Regeneration | 1 | |
| Witch Doctor Training | 2 | |
| Spiked Barricades | 3 | |
| Pulverize | 1 | |
| Liquid Fire | 1 | |
| Ranged Weapons | 3 | |
25 total
» buildings
| Altar of Storms | 1 | |
| Orc Burrow | 9 | |
| Barracks | 2 | |
| Voodoo Lounge | 3 | |
| War Mill | 3 | |
| Stronghold | 4 | |
| Watch Tower | 63 | |
| Great Hall | 8 | |
| Beastiary | 5 | |
| Spirit Lodge | 4 | |
| Fortress | 4 | |
| Tauren Totem | 2 | |
108 total
» build order
00:35 Altar of Storms
00:42 Orc Burrow
01:26 Orc Burrow
01:30 Barracks
02:05 Voodoo Lounge
02:44 War Mill
02:52 Stronghold
02:52 Stronghold
02:57 War Mill
04:10 Orc Burrow
04:28 Orc Burrow
05:09 Watch Tower
05:12 Watch Tower
05:14 Watch Tower
05:44 Great Hall
05:59 Barracks
06:00 Beastiary
07:00 Beastiary
07:34 Spirit Lodge
08:34 Spirit Lodge
09:48 Spirit Lodge
10:03 War Mill
10:40 Fortress
10:41 Fortress
10:49 Orc Burrow
11:45 Watch Tower
11:47 Watch Tower
12:01 Orc Burrow
12:04 Orc Burrow
14:40 Great Hall
14:50 Watch Tower
14:51 Watch Tower
14:56 Watch Tower
15:34 Watch Tower
15:35 Watch Tower
15:45 Watch Tower
15:47 Watch Tower
17:02 Watch Tower
17:02 Watch Tower
17:03 Watch Tower
17:03 Watch Tower
18:32 Great Hall
19:00 Tauren Totem
19:02 Tauren Totem
19:27 Voodoo Lounge
19:37 Voodoo Lounge
20:30 Watch Tower
20:32 Watch Tower
20:36 Watch Tower
20:38 Watch Tower
20:38 Watch Tower
20:39 Watch Tower
20:40 Watch Tower
21:23 Great Hall
30:55 Watch Tower
30:55 Watch Tower
30:56 Watch Tower
30:56 Watch Tower
31:02 Watch Tower
31:03 Watch Tower
31:04 Watch Tower
31:04 Watch Tower
31:04 Watch Tower
31:05 Watch Tower
38:21 Beastiary
38:23 Beastiary
40:18 Great Hall
41:27 Watch Tower
41:27 Watch Tower
41:29 Watch Tower
41:30 Watch Tower
41:31 Watch Tower
41:31 Watch Tower
44:29 Great Hall
44:33 Watch Tower
44:33 Watch Tower
44:33 Watch Tower
44:34 Watch Tower
44:35 Watch Tower
44:36 Watch Tower
44:36 Watch Tower
44:37 Watch Tower
47:50 Great Hall
47:52 Watch Tower
47:53 Watch Tower
47:54 Watch Tower
47:55 Watch Tower
47:56 Watch Tower
47:57 Watch Tower
47:57 Watch Tower
49:22 Watch Tower
51:53 Watch Tower
51:53 Watch Tower
51:54 Watch Tower
51:54 Watch Tower
51:55 Watch Tower
51:57 Watch Tower
51:57 Watch Tower
52:32 Stronghold
53:22 Great Hall
58:01 Fortress
58:10 Beastiary
58:14 Spirit Lodge
58:45 Orc Burrow
58:48 Orc Burrow
» items
| Healing Salve | 3 | |
| Scroll of Town Portal | 4 | |
| Orb of Lightning | 1 | |
| Potion of Healing | 1 | |
| Potion of Mana | 1 | |
| Pendant of Mana | 1 | |
11 total
team 2 (loser)

»
Player 2 (
blue | 64 APM | 4016 actions | 62:23)
7 Demon Hunter
3 Mana Burn
3 Evasion
1 Metamorphosis
4 Beastmaster
2 Summon Quilbeast
2 Summon Hawk
» actions
| Assign group hotkey | 51 | |
| Basic commands | 66 | |
| Build / train | 147 | |
| ESC pressed | 1 | |
| Enter build submenu | 35 | |
| Enter hero's abilities submenu | 12 | |
| Give item / drop item | 17 | |
| Remove unit from queue | 2 | |
| Right click | 1432 | |
| Select / deselect | 1092 | |
| Select group hotkey | 994 | |
| Use ability | 167 | |
4016 total
» units
| Wisp | 23 | |
| Archer | 14 | |
| Huntress | 7 | |
| Dryad | 10 | |
| Druid of the Claw | 3 | |
| Mountain Giant | 1 | |
| Hippogryph | 11 | |
| Chimaera | 4 | |
73 total
» upgrades
| Ultravision | 1 | |
| Druid of the Claw Training | 2 | |
| Strength of the Wild | 3 | |
| Abolish Magic | 1 | |
| Reinforced Hides | 3 | |
| Nature's Blessing | 1 | |
| Well Spring | 1 | |
| Mark of the Claw | 1 | |
| Hardened Skin | 1 | |
| Resistant Skin | 1 | |
| Hippogryph Taming | 1 | |
| Marksmanship | 1 | |
| Sentinel | 1 | |
| Improved Bows | 1 | |
| Corrosive Breath | 1 | |
| Strength of the Moon | 3 | |
| Backpack | 1 | |
| Moon Armor | 3 | |
| Druid of the Talon Training | 2 | |
| Upgrade Moon Glaive | 1 | |
| Vorpal Blades | 1 | |
| Mark of the Talon | 1 | |
32 total
» buildings
| Altar of Elders | 1 | |
| Moon Well | 8 | |
| Ancient of War | 1 | |
| Hunter's Hall | 1 | |
| Tree of Ages | 1 | |
| Ancient of Wonders | 1 | |
| Ancient of Lore | 2 | |
| Tree of Eternity | 1 | |
| Tree of Life | 2 | |
| Ancient Protector | 7 | |
| Ancient of Wind | 1 | |
| Chimaera Roost | 2 | |
28 total
» build order
00:12 Altar of Elders
00:13 Moon Well
01:11 Ancient of War
01:49 Hunter's Hall
02:09 Moon Well
02:54 Tree of Ages
03:29 Moon Well
03:33 Moon Well
04:10 Ancient of Wonders
05:35 Moon Well
05:43 Ancient of Lore
07:05 Moon Well
09:13 Tree of Eternity
09:41 Tree of Life
11:02 Moon Well
11:40 Ancient of Lore
16:43 Ancient Protector
17:27 Ancient Protector
18:24 Ancient Protector
18:52 Ancient of Wind
20:03 Ancient Protector
20:31 Chimaera Roost
21:44 Ancient Protector
31:56 Tree of Life
33:46 Ancient Protector
33:47 Ancient Protector
37:52 Moon Well
48:15 Chimaera Roost
» items
| Boots of Speed | 2 | |
| Scroll of Healing | 1 | |
| Circlet of Nobility | 1 | |
| Scroll of Town Portal | 4 | |
| Orb of Venom | 1 | |
| Staff of Preservation | 1 | |
| Cloak of Flames | 1 | |
| Helm of Valor | 1 | |
| Claws of Attack +6 | 1 | |
| Orb of Darkness | 2 | |
| Ancient Janggo of Endurance | 1 | |
| Staff of Teleportation | 1 | |
| Potion of Healing | 3 | |
20 total
team 3 (loser)

»
Player 3 (
teal | 47 APM | 843 actions | 18:00)
4 Demon Hunter
1 Immolation
2 Evasion
1 Mana Burn
4 Priestess of the Moon
1 Scout
2 Trueshot Aura
1 Searing Arrows
3 Dark Ranger
2 Silence
1 Black Arrow
» actions
| Assign group hotkey | 33 | |
| Basic commands | 45 | |
| Build / train | 68 | |
| Enter build submenu | 16 | |
| Enter hero's abilities submenu | 11 | |
| Remove unit from queue | 1 | |
| Right click | 170 | |
| Select / deselect | 200 | |
| Select group hotkey | 240 | |
| Use ability | 59 | |
843 total
» units
| Wisp | 18 | |
| Archer | 12 | |
| Dryad | 9 | |
| Druid of the Talon | 1 | |
| Chimaera | 2 | |
42 total
» upgrades
| Strength of the Moon | 1 | |
| Abolish Magic | 1 | |
| Strength of the Wild | 2 | |
| Reinforced Hides | 1 | |
5 total
» buildings
| Altar of Elders | 1 | |
| Moon Well | 8 | |
| Ancient of War | 1 | |
| Ancient of Wonders | 1 | |
| Tree of Ages | 1 | |
| Hunter's Hall | 1 | |
| Tree of Life | 1 | |
| Ancient of Lore | 1 | |
| Ancient of Wind | 1 | |
| Tree of Eternity | 1 | |
| Chimaera Roost | 1 | |
18 total
» build order
00:05 Altar of Elders
00:13 Moon Well
00:50 Ancient of War
01:32 Moon Well
02:23 Ancient of Wonders
02:44 Tree of Ages
03:40 Moon Well
04:12 Hunter's Hall
04:22 Moon Well
05:10 Tree of Life
06:00 Ancient of Lore
06:31 Ancient of Wind
08:09 Tree of Eternity
08:21 Moon Well
09:28 Moon Well
11:43 Moon Well
11:47 Chimaera Roost
17:02 Moon Well
» items
| Claws of Attack +6 | 1 | |
| Scroll of the Beast | 1 | |
| Gloves of Haste | 1 | |
3 total
team 4 (loser)
Player 4 (
red | 62 APM | 3659 actions | 59:17)
8 Death Knight
3 Death Coil
3 Unholy Aura
1 Death Pact
1 Animate Dead
7 Lich
3 Frost Nova
3 Dark Ritual
1 Death and Decay
3 Crypt Lord
1 Impale
2 Spiked Carapace
» actions
| Assign group hotkey | 54 | |
| Basic commands | 10 | |
| Build / train | 157 | |
| Enter build submenu | 29 | |
| Enter hero's abilities submenu | 19 | |
| Give item / drop item | 6 | |
| Remove unit from queue | 5 | |
| Right click | 1645 | |
| Select / deselect | 421 | |
| Select group hotkey | 1053 | |
| Use ability | 260 | |
3659 total
» units
| Acolyte | 28 | |
| Ghoul | 7 | |
| Crypt Fiend | 10 | |
| Frost Wyrm | 4 | |
| Abomination | 2 | |
| Gargoyle | 4 | |
55 total
» upgrades
| Creature Attack | 3 | |
| Creature Carapace | 3 | |
| Web | 1 | |
| Burrow | 1 | |
| Freezing Breath | 1 | |
| Destroyer Form | 1 | |
| Unholy Armor | 3 | |
| Unholy Strength | 1 | |
14 total
» buildings
| Graveyard | 1 | |
| Crypt | 3 | |
| Altar of Darkness | 1 | |
| Ziggurat | 35 | |
| Tomb of Relics | 3 | |
| Nerubian Tower | 5 | |
| Halls of the Dead | 2 | |
| Necropolis | 3 | |
| Spirit Tower | 22 | |
| Sacrificial Pit | 1 | |
| Black Citadel | 1 | |
| Boneyard | 2 | |
| Slaughterhouse | 2 | |
81 total
» build order
00:07 Graveyard
00:10 Crypt
00:42 Altar of Darkness
00:59 Ziggurat
01:41 Tomb of Relics
01:57 Nerubian Tower
02:19 Ziggurat
04:15 Halls of the Dead
04:26 Ziggurat
04:59 Ziggurat
05:00 Ziggurat
05:53 Necropolis
06:22 Spirit Tower
08:21 Ziggurat
08:21 Ziggurat
08:42 Sacrificial Pit
08:56 Black Citadel
09:18 Spirit Tower
09:28 Spirit Tower
09:31 Spirit Tower
10:23 Ziggurat
10:24 Ziggurat
11:02 Spirit Tower
11:31 Ziggurat
11:32 Ziggurat
11:35 Boneyard
13:26 Boneyard
16:53 Nerubian Tower
20:33 Nerubian Tower
20:34 Nerubian Tower
21:00 Necropolis
21:34 Ziggurat
21:37 Ziggurat
21:37 Ziggurat
21:42 Slaughterhouse
21:42 Slaughterhouse
22:42 Ziggurat
22:42 Ziggurat
22:43 Ziggurat
22:44 Ziggurat
22:45 Ziggurat
22:45 Ziggurat
22:47 Ziggurat
23:31 Nerubian Tower
23:44 Spirit Tower
23:47 Spirit Tower
24:01 Spirit Tower
24:04 Tomb of Relics
29:00 Ziggurat
29:00 Ziggurat
30:02 Spirit Tower
31:16 Ziggurat
31:17 Ziggurat
31:18 Ziggurat
33:52 Spirit Tower
33:57 Tomb of Relics
36:46 Necropolis
38:27 Ziggurat
38:28 Ziggurat
38:28 Ziggurat
38:28 Ziggurat
38:29 Ziggurat
38:31 Ziggurat
38:31 Ziggurat
38:33 Ziggurat
38:36 Ziggurat
39:14 Crypt
39:14 Crypt
39:29 Spirit Tower
39:29 Spirit Tower
39:32 Spirit Tower
39:32 Spirit Tower
39:37 Spirit Tower
39:41 Spirit Tower
39:41 Spirit Tower
39:49 Spirit Tower
39:49 Spirit Tower
» items
| Rod of Necromancy | 3 | |
| Staff of Teleportation | 1 | |
| Potion of Lesser Invulnerability | 2 | |
| Scroll of Healing | 9 | |
| Scroll of Town Portal | 12 | |
| Periapt of Vitality | 1 | |
| Orb of Corruption | 1 | |
29 total
Chat log
(00:06 / All) Player 2: I fucking hate this map
(00:07 / All) SaucyNiglet: Saucy niglet in da house
(00:17 / All) Player 4: HEY GUYS ITS ME
(00:25 / All) Player 2: Who the fuck are you red
(00:29 / All) Player 2: Some teaming cunt?
(00:31 / All) Player 4: im number 2
(00:38 / All) Player 2: Okay buddy
(12:42 / All) Player 3: wtf is this
(12:48 / All) Player 2: teaming
(12:52 / All) Player 2: wtf you think
(12:54 / All) Player 4: BAD LUCK LAWL
(14:38 / All) Player 4: leave fag
(14:39 / All) Player 4: u suck
(14:43 / All) Player 2: Leave
(14:48 / All) Player 2: You got raped 3v1
(17:25 / All) Player 4: teal u suck wow
(18:03 / All) Player 2: raped
(18:12 / All) Player 4: we could stab
(18:14 / All) Player 4: like this
(18:23 / All) Player 4: i doubt other play will stay in game for this long tho
(20:18 / All) Player 4: no
(22:55 / All) Player 4: staff of silence
(23:38 / All) Player 4: easy bbo
(23:40 / All) Player 4: dont think about it
(23:55 / All) Player 2: Now I'm scared that you two are teaming me after that whisper
(23:57 / All) Player 4: atta boy
(24:10 / All) Player 4: i was joking obviously
(27:12 / All) SaucyNiglet: I was using "b" for concot lol
(27:22 / All) Player 4: i let u live for now
(28:04 / All) Player 4: stop idiot
(28:08 / All) Player 4: bob just killed me
(28:12 / All) Player 4: he is stronger
(28:20 / All) Player 2: Ok
(28:32 / All) Player 4: no i didnt
(28:37 / All) Player 4: bob is stronger
(28:43 / All) Player 4: he is trying to manipulate u
(28:45 / 4) SaucyNiglet: he still has high level hero
(28:48 / All) Player 2: Perhaps
(28:57 / 4) SaucyNiglet: and two expos
(29:17 / 4) SaucyNiglet: he got me while I was revealing
(29:29 / 4) SaucyNiglet: and got most of my bats becuz I kept hitting "b"
(29:37 / All) Player 4: bathroom dont hit me
(29:45 / All) Player 4: dont kill my shade plz
(29:58 / All) Player 2: It was a mistake
(30:00 / All) Player 2: made a hawk
(31:04 / All) Player 4: lets hit him wink wink
(31:10 / All) Player 2: Me?
(31:13 / All) Player 2: Wtf teaming niggers
(31:21 / 4) SaucyNiglet: he isn't treaming
(31:36 / 4) SaucyNiglet: he got me good while I was busy lozl
(31:41 / 4) SaucyNiglet: and then I got totally fucked with bats
(31:44 / 4) SaucyNiglet: he had shade on me I think
(32:28 / All) Player 4: LFAWL
(33:01 / All) Player 4: lawl
(33:21 / All) Player 4: truce rod
(33:23 / All) Player 4: he killed me
(33:24 / 4) SaucyNiglet: wow
(33:28 / All) SaucyNiglet: no I didn't
(33:28 / All) Player 2: ok
(33:30 / All) SaucyNiglet: You tped
(33:37 / All) SaucyNiglet: Now that's teaming
(33:43 / All) Player 4: dont listen he is manipulating u
(33:47 / All) Player 4: turncoat has all expos
(33:56 / All) SaucyNiglet: Bullshit
(35:20 / All) Player 4: he is still strong rod
(35:28 / All) SaucyNiglet: He kileld my entire army
(35:30 / All) SaucyNiglet: at his expo
(35:31 / All) Player 2: He's still Turncoat flamechamp
(35:47 / All) SaucyNiglet: He killed all 3 of my heroes
(35:51 / All) SaucyNiglet: and prety much all my army
(35:56 / All) Player 4: hes lyign man, his bats raped my worms
(35:58 / All) Player 2: oh
(36:24 / 4) SaucyNiglet: lozl if you believe him you will look like major dumbass
(37:06 / All) SaucyNiglet: I should have got bm
(37:07 / All) SaucyNiglet: lozl
(37:18 / 4) SaucyNiglet: attack his expos
(37:22 / 4) SaucyNiglet: he has best hero
(37:26 / 4) SaucyNiglet: I don't even have level 6
(37:29 / 4) SaucyNiglet: he kills focuisng them
(37:51 / All) SaucyNiglet: I have 52 army
(41:02 / All) Player 4: he is really strong rod, 99 army
(42:17 / All) Player 4: god dammit rod he is right by u
(42:19 / All) Player 4: hit him
(42:22 / All) Player 4: to ur left
(42:36 / All) Player 2: No idea what he has probably can't take him
(42:45 / All) Player 4: i saw ur army u can
(42:50 / All) Player 4: we need to work together now
(44:08 / All) Player 4: hit his expos ill help
(44:16 / All) Player 2: Too many towers
(44:28 / All) Player 4: u made same mistake as on sc2
(44:31 / All) Player 4: now he is strong
(44:34 / All) Player 4: come lets meet middle
(44:45 / All) Player 4: meet at ur base
(45:06 / All) Player 4: follow
(46:25 / 4) SaucyNiglet: he'll just rape you right after
(47:03 / 4) SaucyNiglet: he has two level 6 heroes I don't have 1
(47:04 / All) Player 4: not me dammit
(47:05 / All) Player 4: finish towers
(47:09 / All) Player 4: FINISHER TOWERS
(47:11 / All) Player 4: dont run
(47:16 / All) Player 4: wtf
(47:19 / All) Player 4: u have to finish towers
(47:59 / All) Player 4: we have to meet again rod
(48:07 / All) Player 4: go tavern
(48:07 / All) Player 2: let me get my chims back
(48:19 / All) SaucyNiglet: Are yo uguys dumb
(48:25 / All) Player 2: Yes
(48:26 / All) SaucyNiglet: I've been 100 most of the game I don't have gold
(48:31 / All) Player 4: u should have let me finish his towers my death decay was owning them
(48:44 / All) Player 4: come rod
(48:48 / All) Player 4: meet at taven we hit same place
(48:49 / All) Player 2: K
(49:00 / All) Player 4: u first
(49:07 / All) Player 2: You have wyrms
(49:14 / All) Player 4: HIT man
(49:22 / All) Player 4: come
(49:22 / All) Player 2: you have wyrms I have no siege
(49:24 / All) Player 2: go first
(49:38 / All) Player 4: hit his main
(49:44 / All) Player 2: K
(50:06 / All) SaucyNiglet: you both have bigger armies than I do
(50:08 / All) SaucyNiglet: atm
(50:21 / All) Player 2: I don't play noob elf though
(50:27 / All) Player 2: so I am automatically at a disadvantage
(50:35 / All) SaucyNiglet: oaky so why do you let him get complete win
(50:47 / All) SaucyNiglet: You should do damage to us both
(51:12 / All) Player 4: dont let him manipulate like that
(51:13 / All) Player 4: rod
(51:16 / All) Player 4: he is stronger
(51:42 / All) Player 4: now he has all expos
(52:41 / All) Player 4: this is fun
(52:55 / All) SaucyNiglet: not for me you brazenly team lozl
(52:58 / All) Player 2: He is hitting me
(53:06 / All) SaucyNiglet: flame is?
(53:12 / All) Player 2: yes
(53:27 / All) SaucyNiglet: where
(53:45 / All) Player 2: I'm dead
(53:47 / All) Player 2: Game over man, game over
(54:09 / All) Player 4: u made the same mistake u made ons c2 rod
(54:12 / All) Player 4: u let him expo everywhere
(54:21 / All) Player 2: Shut the fuck up I have 13,000 gold stockpiled
(54:25 / All) Player 2: i did too
(54:57 / All) SaucyNiglet: I made him tp out
(55:02 / All) Player 4: hit his expos then
(55:04 / All) Player 4: rod
(55:07 / All) Player 4: u cant stay in ur base
(55:10 / All) Player 4: u have to kill his shit
(55:12 / All) SaucyNiglet: He is stronger than both of us
(55:12 / All) Player 4: im out of gold
(55:12 / All) Player 2: You killed my army retard
(55:15 / All) Player 2: 68/100
(55:18 / All) Player 4: im out of gold
(55:29 / All) Player 2: Then you should have expoed faggot
(55:33 / All) Player 2: I know I lose this from the start
(55:35 / All) Player 2: I spawned as noob elf
(55:41 / All) Player 4: ur doign fine moron
(55:53 / All) Player 4: ur mistake was attackign me when i tried to kill his towers
(55:57 / All) Player 4: for w/e reason u hit me
(56:04 / All) Player 4: i told u not to run and u ran
(56:06 / All) Player 2: Your DK was strong
(56:08 / All) Player 2: I just wanted it dead
(56:13 / All) Player 4: i tpaed away
(56:15 / All) Player 4: moron
(56:17 / All) Player 4: and u ran
(56:19 / All) Player 2: Yep
(56:24 / All) Player 2: Turncoat attacked me
(56:25 / All) Player 2: I had to
(56:46 / All) SaucyNiglet: I made him tp we should be buddies now rod
(57:03 / All) Player 4: if u made me tp that means ur stronger why would he team with u
(57:10 / All) SaucyNiglet: I made you tp to your base
(57:14 / All) SaucyNiglet: when you were attacking rod
(59:13 / All) Player 4: pizza im out of gold rod killed me good work
(59:20 / All) Player 2: You suicided into my base
(59:21 / All) Player 2: lol
(59:49 / All) SaucyNiglet: I did not tell a lie this whole game lol
(62:08 / All) SaucyNiglet: I changed hex hot key lozl
(62:14 / All) Player 2: you could say that flamechamp's wyrms
(62:17 / All) Player 2: were up in air
(62:21 / All) Player 2: actually that was horrible
(62:22 / All) SaucyNiglet: lozl
(62:23 / All) Player 2: I apologise